 Dungeon Crawl Stone Soup version 0.27.1 (webtiles) character file.

Game seed: 1205619016404269466

3 MajorAdolf the Gusty (level 1, -1/15 HPs)
             Began as a Naga Wanderer on Aug 23, 2021.
             Slain by a quokka (4 damage)
             ... on level 1 of the Dungeon.
             The game lasted 00:01:35 (224 turns).

MajorAdolf the Gusty (Naga Wanderer)                 Turns: 224, Time: 00:01:36

Health: -1/15      AC:  1    Str: 13    XL:     1   Next: 50%
Magic:  0/2        EV:  9    Int: 12    God:
Gold:   11         SH:  0    Dex: 11    Spells: 1/2 levels left

rFire    . . .     SeeInvis +   a - +0 club
rCold    . . .     Faith    .   (no shield)
rNeg     . . .     Spirit   .   b - +0 robe
rPois    +         Reflect  .   (no helmet)
rElec    .         Harm     .   (no cloak)
rCorr    .         Rampage  .   (no gloves)
Will     .....                  (no barding)
Stlth    +.........             (no amulet)
HPRegen  0.05/turn              (no ring)
MPRegen  0.08/turn              (no ring)

@: short of breath, very slow
A: AC +0, large, see invisible, deformed body, poison resistance, slowness 2,
spit poison 1, naga tail 1
a: Spit Poison


You were on level 1 of the Dungeon.
You visited 1 branch of the dungeon, and saw 1 of its levels.

You collected 11 gold pieces.

Inventory:

Hand Weapons
 a - a +0 club (weapon)
Armour
 b - a +0 robe (worn)
Scrolls
 d - a scroll of identify {unknown}
Potions
 c - a potion of curing


   Skills:
 - Level 1.0 Throwing
 - Level 1.0 Spellcasting
 + Level 3.2 Conjurations
 - Level 4.0 Air Magic
 - Level 1.0 Evocations


You had one spell level left.
You knew the following spells:

 Your Spells              Type           Power      Damage    Failure   Level
a - Shock                 Conj/Air       36%        1d5       7%          1

Your spell library contained the following spells:

 Spells                   Type           Power      Damage    Failure   Level
 Static Discharge         Conj/Air       9%         N/A       11%         2
 Searing Ray              Conj           16%        3d3       12%         2
 Swiftness                Air            10%        N/A       17%         3
 Airstrike                Air            5%         N/A       50%         4


Dungeon Overview and Level Annotations

Branches:
Dungeon (1/15)

Altars:


Innate Abilities, Weirdness & Mutations

Your serpentine skin is tough. (AC +0)
You have supernaturally acute eyesight. (SInv)
Armour fits poorly on your strangely shaped body.
Your system is resistant to poisons. (rPois)
You cover ground very slowly.
You can spit poison.
You have a snake-like lower body.


Message History

There is an open door here.
There is an open door here.
There is a stone staircase leading down here.
A quokka comes into view.
The quokka twitches its whiskers.
There is a stone staircase leading down here.
Casting: Shock (safe; 7% risk of failure)
Confirm with . or Enter, or press ? or * to list all spells.
Aiming: Shock (safe; 7% risk of failure)
Press: ? - help, Shift-Dir - straight line, f - quokka
Aim: a quokka (56% to hit)
The zap misses the quokka.
Unknown command.
Casting: Shock (safe; 7% risk of failure)
Confirm with . or Enter, or press ? or * to list all spells.
Aiming: Shock (safe; 7% risk of failure)
Press: ? - help, Shift-Dir - straight line, f/p - quokka
Aim: a quokka (56% to hit)
The zap hits the quokka.
The quokka is lightly wounded.
The quokka bites you.
Press: ? - help, Shift-Dir - straight line, f/p - quokka
Aim: a quokka (lightly wounded)
The splash of poison misses the quokka.
The quokka bites you. x2
Unknown command.
The quokka closely misses you. The quokka closely misses you.
You have got your breath back.
The quokka bites you.
* * * LOW HITPOINT WARNING * * *
Press: ? - help, Shift-Dir - straight line, f/p - quokka
Aim: a quokka (lightly wounded)
The splash of poison misses the quokka.
The quokka bites you.
You die...

#.........###'###.
#.###.....#8...8# #.#
#..#..##.#.## #.#
#.###.#8.#.8# #.#
#.###.##.#.##
##########.###..#..#8.#.8#
#..................##.#.##
#.####.###.#########8...8##
#.# #@# #8#8#8#...#8# #J#
#r####............ #.#
#.##.'.###...<...#
...J....#
#.##.#............
#..###..#
#....#8#8#8#...#8# #.##
#>#########8...8## #.####.#
##.#.## #......# 8.#.8
#.###..# ##.#.#


You could see a quokka.

Vanquished Creatures
  2 endoplasms (D:1)
  A rat (D:1)
3 creatures vanquished.

Notes
Turn   | Place    | Note
-------+----------+-------------------------------------------
     0 | D:1      | MajorAdolf the Naga Wanderer began the quest for the Orb.
     0 | D:1      | MajorAdolf set off with the following items: a +0 club, a
                  | +0 robe, a potion of curing; and the following spell
                  | memorised: Shock; and the following spells available to
                  | memorise: Static Discharge, Searing Ray, Swiftness,
                  | Airstrike
     0 | D:1      | Reached XP level 1. HP: 15/15 MP: 2/2
   224 | D:1      | Slain by a quokka

Illustrated notes

Levels and vault maps discovered:
D:1:      heliophobic_arrival_ceremonial_halls, layout_loops_ring

Action                   || total
-------------------------++-------
Melee: Club              ||     2
 Cast: Shock             ||     5
 Abil: Spit Poison       ||     3
Dodge: Dodged            ||     3
